 Dungeon Crawl Stone Soup version 0.17.2-1-ge4368a0 (webtiles) character file.

56 daftwullie the Cudgeler (level 3, -1/37 HPs)
             Began as an Ogre Warper on Feb 8, 2017.
             Slain by a goblin
             ... wielding a +0 club
             ... led by Robin
              (3 damage)
             ... on level 2 of the Dungeon.
             The game lasted 00:19:50 (2007 turns).

daftwullie the Cudgeler (Ogre Warper)               Turns: 2007, Time: 00:19:50

Health: -1/37      AC:  3    Str: 16    XL:     3   Next: 97%
Magic:  1/7        EV: 10    Int: 13    God:
Gold:   25         SH:  0    Dex:  9    Spells: 3 memorised, 3 levels left

rFire  . . .     SeeInvis .     a - +0 mace
rCold  . . .     Clarity  .     m - +0 robe
rNeg   . . .     SustAt   .     (no shield)
rPois  .         Gourm    .     (helmet restricted)
rElec  .         Spirit   .     (no cloak)
rCorr  .         Warding  .     (gloves unavailable)
rMut   .         Stasis   .     (boots unavailable)
MR     .....                    (no amulet)
Stlth  +.........               (no ring)
                                (no ring)

@: not resistant to hostile enchantments, very unstealthy
A: unfitting armour, tough skin 1
a: no special abilities


You were on level 2 of the Dungeon.
You were not hungry.

You visited 1 branch of the dungeon, and saw 2 of its levels.

You collected 25 gold pieces.

Inventory:

Hand Weapons
 a - a +0 mace (weapon)
 e - a +0 hunting sling
 s - a +0 hunting sling
Missiles
 b - 8 sling bullets of frost
 l - 62 stones (quivered)
 n - 4 curare-tipped needles
Armour
 m - a +0 robe (worn)
Jewellery
 k - an uncursed amulet of stasis
Scrolls
 d - a scroll of blinking
 h - 2 scrolls of identify {unknown}
 i - 2 scrolls of teleportation {unknown}
 j - a scroll of fear {unknown}
 p - a scroll of enchant armour {unknown}
 q - a scroll of remove curse {unknown}
Potions
 g - 2 potions of resistance {unknown}
 o - 2 potions of magic {unknown}
Books
 c - a book of Spatial Translocations

   Spells                             Type                      Level
   a - Apportation                    Translocation                1
   b - Blink                          Translocation                2
   c - Shroud of Golubria             Charms/Translocation         2
   d - Portal Projectile              Translocation                3
   e - Teleport Other                 Translocation                3
   f - Passage of Golubria            Translocation                4
Comestibles
 f - a bread ration
 r - 2 chunks of flesh


   Skills:
 + Level 3.0 Fighting
 * Level 3.3 Maces & Flails
 * Level 1.8 Throwing
 - Level 2.1 Dodging
 * Level 3.0 Spellcasting
 * Level 2.6 Translocations


You had 3 spell levels left.
You knew the following spells:

 Your Spells              Type           Power        Failure   Level  Hunger
a - Apportation           Tloc           #.........   10%         1    #......
b - Blink                 Tloc           N/A          14%         2    ###....
c - Shroud of Golubria    Chrm/Tloc      #.........   21%         2    ###....


Dungeon Overview and Level Annotations

Branches:
Dungeon (2/15)

Altars:

Annotations:
D:1 Robin


Innate Abilities, Weirdness & Mutations

You are too large for most types of armour.
You have tough skin (AC +1).


Message History

Robin is heavily wounded.
The goblin hits you but does no damage. Robin closely misses you.
Casting: Shroud of Golubria
Confirm with . or Enter, or press ? or * to list all spells.
You blink.
There is a stone staircase leading down here.
The goblin hits you with a club.
* * * LOW HITPOINT WARNING * * *
The hobgoblin hits you.
* * * LOW HITPOINT WARNING * * *
You climb downwards.
The goblin hits you with a dagger.
* * * LOW HITPOINT WARNING * * *
There is a stone staircase leading up, spattered with blood here.
The goblin hits you but does no damage.
Your magical contamination has completely faded away.
The goblin hits you but does no damage. The goblin hits you with a dagger.
* * * LOW HITPOINT WARNING * * *
The goblin hits you with a club.
You die...

#.............#
#..........#..#
########.#.#<.#######
#.#g#......#.#
#.#..........#
#.###......### #.#
#......# #.# #...gg.#
#.# #...@g.# ########


You could see a hobgoblin and 3 goblins.

Vanquished Creatures
  An adder (D:2)
  An ooze (D:1)
  2 giant geckos
  A ball python (D:1)
  3 bats (D:1)
  A giant cockroach (D:1)
  8 goblins
  8 hobgoblins
  8 kobolds
  3 rats (D:1)
36 creatures vanquished.

Vanquished Creatures (others)
  A plant (D:1)
1 creature vanquished.

Grand Total: 37 creatures vanquished

Notes
Turn   | Place    | Note
--------------------------------------------------------------
     0 | D:1      | daftwullie the Ogre Warper began the quest for the Orb.
     0 | D:1      | Reached XP level 1. HP: 22/22 MP: 3/3
   376 | D:1      | Reached XP level 2. HP: 29/29 MP: 5/5
   396 | D:1      | Reached skill level 3 in Maces & Flails
   402 | D:1      | Learned a level 2 spell: Blink
   405 | D:1      | Learned a level 2 spell: Shroud of Golubria
   822 | D:1      | Reached XP level 3. HP: 24/36 MP: 7/7
  1764 | D:2      | Noticed Robin
  2007 | D:2      | Slain by a goblin

Action                   || total
-------------------------++-------
Melee: Mace              ||   144
Throw: Tomahawk          ||     5
       Stone             ||     5
 Cast: Shroud of Golubri ||     9
       Blink             ||     4
  Eat: Bread ration      ||     1
       Chunk             ||     1
